Map: Old Republic LE

Players

HoldTheDoor - Winner!

  • Race: Protoss Protoss
  • League: Diamond
  • Spawn Location: 7:00

Slayer

  • Race: Protoss Protoss
  • League: Diamond
  • Spawn Location: 1:00

VOD

Have the link to the VOD?

Description

Time

  • Played on: May 20, 2026, 12:23 p.m.
  • Length: 7:44
Show
View Real Time Build Order
Export as new Build Order

HoldTheDoor Protoss - Winner!

Build Orders:  

Get SALT Encoding   

  12  0:00  Probe  
  13  0:12  Probe  
  14  0:17  Pylon  
  14  0:23  Probe  
  15  0:32  Probe  
  15  0:39  Gateway  
  15  0:40  Probe  
  16  0:49  Assimilator  
  17  0:50  Probe  
  18  1:03  Probe  
  19  1:04  Assimilator  
  19  1:15  Probe  
  19  1:16  Gateway  
  20  1:27  Probe  
  21  1:39  Probe  
  22  1:44  Cybernetics Core  
  22  1:45  Pylon  
  22  1:51  Probe  
  23  1:59  Pylon  
  23  2:09  Probe  
  24  2:23  Stalker x2  
  28  2:37  Warp Gate  
  28  2:43  Pylon  
  28  2:44  Probe  
  29  2:47  Shield Battery  
  29  2:56  Probe  
  29  2:57  Stalker x2  
  30  3:05  Robotics Facility  
  34  3:08  Gateway  
  34  3:10  Pylon  
  34  3:39  Probe  
  35  3:42  Immortal  
  39  4:01  Pylon  
  39  4:12  Immortal  
  43  4:31  Stalker  
  43  4:32  Stalker  
  43  4:38  Pylon  
  47  4:39  Pylon  
  47  4:41  Pylon  
  47  4:56  Immortal  
  47  4:57  Stalker  
  47  4:58  Stalker  
  47  4:59  Stalker  
  47  5:46  Stalker  
  47  5:47  Adept x2  
  53  5:51  Immortal  
  55  6:08  Adept x2  
  55  6:09  Adept  
  59  6:29  Stalker x2  
  51  7:05  Stalker  
  51  7:06  Stalker x2  
Show
View Real Time Build Order
Export as new Build Order

Slayer Protoss 

Build Orders: 1 Gate Expand 

Get SALT Encoding   

  12  0:00  Probe  
  13  0:12  Probe  
  14  0:18  Pylon  
  14  0:24  Probe  
  15  0:37  Probe  
  15  0:40  Gateway  
  16  0:52  Pylon  
  16  0:55  Probe  
  17  1:07  Probe  
  18  1:15  Pylon  
  18  1:27  Nexus  
  18  1:34  Cybernetics Core  
  18  1:35  Assimilator  
  18  1:51  Probe  
  19  1:58  Assimilator  
  19  2:01  Probe  
  20  2:10  Probe  
  20  2:14  Pylon  
  21  2:25  Adept  
  23  2:32  Probe  
  23  2:36  Shield Battery  
  24  2:43  Stalker  
  24  2:44  Probe  
  24  2:45  Gateway  
  24  2:49  Pylon, Probe  
  24  2:50  Warp Gate  
  26  2:56  Probe  
  29  3:03  Probe  
  30  3:08  Shield Battery  
  30  3:09  Probe  
  31  3:14  Stalker  
  31  3:15  Probe  
  34  3:22  Probe  
  32  3:35  Adept  
  32  3:36  Probe, Adept  
  32  3:40  Probe  
  36  3:42  Robotics Facility  
  38  3:48  Probe  
  38  3:52  Probe  
  40  4:00  Probe  
  41  4:04  Probe  
  41  4:07  Adept  
  44  4:24  Pylon  
  44  4:29  Immortal  
  48  4:32  Probe  
  48  4:33  Assimilator  
  48  4:35  Assimilator  
  49  4:39  Sentry  
  49  4:41  Probe  
  49  4:44  Probe  
  49  4:45  Zealot  
  55  4:52  Pylon  
  55  4:54  Probe  
  55  4:56  Probe  
  57  5:02  Pylon  
  57  5:06  Probe  
  58  5:07  Robotics Bay  
  58  5:08  Observer, Probe  
  58  5:13  Pylon  
  58  5:14  Sentry  
  58  5:15  Zealot  
  62  5:28  Shield Battery  
  62  5:32  Immortal  
  60  5:40  Stalker  
  56  5:57  Probe  
  56  6:01  Shield Battery  
  57  6:04  Probe  
  57  6:08  Pylon  
  57  6:09  Probe  
  57  6:11  Adept x2  
  63  6:25  Stargate  
  59  6:27  Forge  
  58  6:44  Adept x2  
  56  6:58  Probe  
  56  7:01  Probe  
  47  7:02  Photon Cannon  
  47  7:07  Stalker x2  
  41  7:11  Probe  
  41  7:13  Probe  
  33  7:23  Probe  
  33  7:25  Probe  
  33  7:26  Pylon  
Tags
 
Matchup
PvP
Replay Pack
SC2Mai2026
Spawn Locations
Cross Positions
Add a new tag
Caveats
  • Supply blocks, unpowered buildings, or Contaminate may cause inaccurate times.
  • Supply counts are checked every 10 seconds.